[Event "Divsion IV"]
[Site "Lardenne"]
[Date "2003.12.07"]
[Round "3.1"]
[White "Cwiek, Loïc"]
[Black "Nivat, Alain"]
[Result "1-0"]
[WhiteElo "2046"]
[BlackElo "2070"]
[ECO "E12j"]
[EventDate "2003.12.07"]
[Annotator "CWIEK,loïc"]
[PlyCount "49"]
[TimeControl "240+2"]

{48MB, Fritz8.ctg, X9U7J5} 
1.Nf3 Nf6 2.c4 e6 3.d4 b6 4.a3 Bb7 5.Nc3 Be7 6.Bf4 O-O 7.h3 d5 8.e3 Ne4 9.
Be2 Bd6 10.Bxd6 Qxd6 11.Rc1 Nxc3 12.Rxc3 Nd7 13.Qc2 Nf6 14.c5 Qe7 $4 
    ( 14...bxc5 15.Rxc5 $14 )
15.cxb6 cxb6 16.Rc7 Rfc8 17.Rxe7 Rxc2 18.Rxb7 Ne4 $2 19.Ne5 Rc1+ 20.Bd1 
Rxd1+ 21.Kxd1 Nxf2+ 22.Ke2 Nxh1 23.Kf3 f6 24.Nc6 $1 Rc8 $4 25.Ne7+ 1-0

[Event "Division IV"]
[Site "MyTown"]
[Date "2003.12.07"]
[Round "3.8"]
[White "Joanez-Benedicto, Virginie"]
[Black "Foing, Marc"]
[Result "1-0"]
[WhiteElo "1540"]
[BlackElo "1499"]
[ECO "E61b"]
[EventDate "2003.??.??"]
[Annotator "CWIEK,loïc"]
[PlyCount "39"]
[TimeControl "240+2"]

{48MB, Fritz8.ctg, X9U7J5} 
1.d4 Nf6 2.c4 g6 3.Nc3 Bg7 4.Bf4 d6 5.e4 O-O 6.Be2 Re8 7.Qd3 e5 8.dxe5 
dxe5 9.Qxd8 Rxd8 10.Bxe5 Nc6 11.Bxc7 Re8 12.f3 Nd4 13.O-O-O Nxe2+ 14.Ngxe2
Be6 15.b3 Rac8 16.Bf4 Nh5 17.Nb5 Nxf4 18.Nxf4 a6 19.Nd6 Be5 20.Nxe6 1-0

[Event "Division IV"]
[Site "MyTown"]
[Date "2003.12.07"]
[Round "3.7"]
[White "Tran, Vinh Loc"]
[Black "Salvignac"]
[Result "0-1"]
[WhiteElo "1440"]
[BlackElo "1590"]
[ECO "C16a"]
[EventDate "2003.??.??"]
[Annotator "CWIEK,loïc"]
[PlyCount "79"]
[TimeControl "240+2"]

{48MB, Fritz8.ctg, X9U7J5} 
1.e4 e6 2.d4 d5 3.Nc3 Bb4 4.e5 Qe7 5.a3 Bxc3+ 6.bxc3 c5 7.c4 Nc6 8.c3 Bd7 
9.Rb1 b6 10.f4 Nh6 11.Nf3 Nf5 12.Be2 O-O 13.O-O dxc4 14.Bxc4 Na5 15.Be2 
Rad8 16.c4 Bc6 17.Qc2 cxd4 18.Bd3 g6 19.Bd2 Qd7 20.Ng5 Ne3 21.Bxe3 dxe3 
22.Be4 Qd2 23.Rfe1 Qxc2 24.Bxc2 Rd2 25.Be4 Bxe4 26.Nxe4 Rd3 27.c5 bxc5 28.
Nxc5 Rxa3 29.Rb2 Nc4 30.Rc2 Nd2 31.Nd7 Rd8 32.Nf6+ Kg7 33.Ng4 h5 34.Nxe3 
Nb3 35.Rc3 Rb8 36.Nc4 Ra2 37.Rb1 Ra1 38.Rxa1 Nxa1 39.Ra3 Nc2 40.Nd6 $4 
    ( 40.Rxa7 $14 )
0-1

[Event "Division IV"]
[Site "MyTown"]
[Date "2003.12.07"]
[Round "3.4"]
[White "Canivet, Christophe"]
[Black "Reynes, Philippe"]
[Result "1/2-1/2"]
[WhiteElo "1780"]
[BlackElo "1690"]
[ECO "C00f"]
[EventDate "2003.??.??"]
[Annotator "CWIEK,loïc"]
[PlyCount "71"]
[TimeControl "240+2"]

{48MB, Fritz8.ctg, X9U7J5} 
1.e4 e6 2.Nc3 b6 3.d4 Bb7 4.d5 Bb4 5.Bc4 Qh4 6.Qf3 Bxc3+ 7.bxc3 Nf6 8.Bf4 
exd5 9.Bxd5 Nxd5 10.exd5 O-O 11.Ne2 d6 12.O-O Nd7 13.g3 Qh3 14.c4 Nf6 15.
Nc3 Ba6 16.Nb5 Bxb5 17.cxb5 Rfe8 18.Rfe1 Kf8 19.c4 Rxe1+ 20.Rxe1 Re8 21.
Re3 Rxe3 22.Bxe3 Ng4 23.Qf5 Qxh2+ 24.Kf1 Nxe3+ 25.fxe3 g6 26.Qc8+ Kg7 27.
Qxc7 Qxg3 28.Ke2 Qg2+ 29.Kd3 Qf1+ 30.Kd4 Qa1+ 31.Kd3 Qd1+ 32.Kc3 Qc1+ 33.
Kd4 Qa1+ 34.Kd3 Qd1+ 35.Ke4 Qg4+ 36.Kd3 1/2-1/2

[Event "Division IV"]
[Site "MyTown"]
[Date "2003.12.07"]
[Round "3.3"]
[White "Videau, Yannick"]
[Black "Dervieux, Dominique"]
[Result "0-1"]
[WhiteElo "1840"]
[BlackElo "1890"]
[ECO "D79b"]
[EventDate "2003.??.??"]
[Annotator "CWIEK,loïc"]
[PlyCount "62"]
[TimeControl "240+2"]

{48MB, Fritz8.ctg, X9U7J5} 
1.Nf3 g6 2.c4 Bg7 3.g3 c6 4.Nc3 d5 5.cxd5 cxd5 6.d4 Nf6 7.Bg2 O-O 8.O-O b6
9.Ne5 Bb7 10.Qd3 e6 11.h4 Nfd7 12.Bf4 Nc6 13.Nxc6 Bxc6 14.Bd6 Re8 15.e4 
dxe4 16.Nxe4 Nb8 17.Rad1 Qd7 18.Qe3 f5 19.Bxb8 Raxb8 20.Ng5 Bxg2 21.Kxg2 
Qd5+ 22.Kg1 Qxa2 23.Ra1 Qxb2 24.Rxa7 Qxd4 25.Qb3 Qd5 26.Qa4 Ra8 27.Rb1 h6 
28.Nxe6 b5 29.Rxb5 Rxa7 30.Qxa7 Qxe6 31.Rb6 Qd5 0-1

[Event "N4B3 Lardenne - Cahors"]
[Site "?"]
[Date "2003.12.07"]
[Round "3.2"]
[White "Thamier, Stephan"]
[Black "Surre, Frédéric"]
[Result "1/2-1/2"]
[WhiteElo "1880"]
[BlackElo "1860"]
[ECO "C24"]
[EventDate "2003.??.??"]
[Annotator "Cwiek, Loïc"]
[PlyCount "31"]
[TimeControl "240+2"]

{48MB, Fritz8.ctg, X9U7J5} 
1.e4 e5 2.Bc4 Nf6 3.d3 Bc5 4.Nf3 c6 5.Nc3 d6 6.Be3 Bb6 7.O-O O-O 8.Qe2 
Nbd7 9.Rad1 Bxe3 10.Qxe3 b5 11.Bb3 Qc7 12.a3 a5 13.h3 Nc5 14.Ra1 Be6 15.
Bxe6 Nxe6 16.Rfe1 1/2-1/2

[Event "N4 Ste Foy-Loures Barousse"]
[Site "Ste Foy"]
[Date "2006.11.26"]
[Round "2.7"]
[White "Lecureux, Yves"]
[Black "David, Philippe"]
[Result "1-0"]
[WhiteElo "1570"]
[BlackElo "1430"]
[ECO "B00j"]
[EventDate "2006.??.??"]
[PlyCount "75"]
[TimeControl "240+2"]

1.e4 b6 2.d4 e6 3.Nf3 Bb7 4.Bd3 Be7 5.c4 Bb4+ 6.Nc3 Ne7 7.O-O O-O 8.a3 
Bxc3 9.bxc3 d6 10.Ng5 Nd7 11.e5 Nf5 12.Qh5 h6 13.g4 g6 14.Qh3 hxg5 15.gxf5
exf5 16.f4 Kg7 17.fxg5 Rh8 18.Qg3 Nf8 19.exd6 cxd6 20.d5 Qc7 21.Be3 Nd7 
22.Bd4+ Ne5 23.Rae1 Rae8 24.Rf2 Kf8 25.Rfe2 Rh5 26.Bxe5 dxe5 27.Rxe5 Qc5+ 
28.Kh1 Rxe5 29.Qxe5 Qc8 30.Qd6+ Kg8 31.Re7 Ba8 32.Qe5 Kf8 33.Bc2 Rh4 34.
Qf6 Rh7 35.Ba4 b5 36.Bxb5 Rxh2+ 37.Kxh2 Qb8+ 38.Kh3 1-0

[Event "R1-Auch/Loures-Barousse"]
[Site "?"]
[Date "2007.12.16"]
[Round "3"]
[White "Join, Etienne"]
[Black "Durrieu, Etiennette"]
[Result "1-0"]
[WhiteElo "1820"]
[BlackElo "1070"]
[ECO "C01a"]
[EventDate "2007.??.??"]
[PlyCount "39"]
[TimeControl "240+2"]

1.e4 e6 2.d4 d5 3.exd5 Qxd5 4.Nf3 Nf6 5.Bg5 Be7 6.Nc3 Qd7 7.Ne5 Qd8 8.Bd3 
O-O 9.O-O Nbd7 10.Qf3 c6 11.Qh3 g6 12.Qh4 Re8 13.Ne4 Nf8 14.Bxf6 Nd7 15.
Nxd7 Bxd7 16.Bxe7 Rxe7 17.Nf6+ Kg7 18.Ng4 f5 19.Qf6+ Kg8 20.Nh6# 1-0

[Event "Nationale 4"]
[Site "Tournefeuille"]
[Date "2007.12.16"]
[Round "3.7"]
[White "Moisselin-Stoll Simon"]
[Black "Flego Lionel"]
[Result "1/2-1/2"]
[WhiteElo "1640"]
[BlackElo "1499"]
[ECO "B08a"]
[EventDate "2007.??.??"]
[PlyCount "89"]
[WhiteTeam "Tournefeuille"]
[BlackTeam "Albi"]
[TimeControl "240+2"]

{256MB, Fritz8.ctg, Fritz} 
1.e4 d6 2.d4 Nf6 3.Nc3 g6 4.Nf3 Bg7 5.Bf4 c5 6.dxc5 Qa5 7.Bb5+ Bd7 8.Bxd7+
Nbxd7 9.O-O Qxc5 10.Qd4 e5 11.Qxc5 Nxc5 12.Be3 Ncxe4 13.Nb5 O-O 14.Nxa7 
Nd5 15.Nb5 Nxe3 16.fxe3 Rac8 17.c3 Rfd8 18.Rfd1 d5 19.Nd2 Bh6 20.Nxe4 dxe4
21.Kf2 Rd3 22.Rxd3 exd3 23.Rd1 Rd8 24.Kf3 f5 25.b4 e4+ 26.Kf2 Bg7 27.Ke1 
Be5 28.g3 g5 29.Nd4 f4 30.gxf4 gxf4 31.exf4 Bxd4 32.cxd4 Rxd4 33.Kf2 Rxb4 
34.Ke3 Kf7 35.Rd2 Kf6 36.Rf2 Kf5 37.Rg2 h6 38.h4 Rc4 39.Rb2 Rc2 40.Rb5+ 
Kg4 41.Rxb7 d2 42.Rd7 Rxa2 43.Kxe4 Ra4+ 44.Ke3 Rxf4 45.Rxd2 1/2-1/2

[Event "Nationale 4"]
[Site "Tournefeuille"]
[Date "2007.12.16"]
[Round "3.6"]
[White "Adiba, Jean-Claude"]
[Black "Taravaud Evelyne"]
[Result "0-1"]
[WhiteElo "1650"]
[BlackElo "1670"]
[ECO "A16"]
[EventDate "2007.??.??"]
[PlyCount "113"]
[WhiteTeam "Albi"]
[BlackTeam "Tournefeuille"]
[TimeControl "240+2"]

{256MB, Fritz8.ctg, Fritz} 
1.c4 Nf6 2.Nc3 g6 3.g3 d5 4.cxd5 Nxd5 5.Bg2 c6 6.e3 Bg7 7.Nge2 Na6 8.O-O 
O-O 9.a3 Nc5 10.d4 Ne6 11.Qb3 Nb6 12.Rb1 Nc7 13.Qc2 Rb8 14.b3 Nbd5 15.e4 
Nxc3 16.Qxc3 Nb5 17.Qc2 Nxd4 18.Nxd4 Bxd4 19.Rd1 e5 20.Bb2 c5 21.Bc1 Qe7 
22.Bh6 Re8 23.h3 Be6 24.h4 Bg4 25.Rf1 b5 26.Kh2 c4 27.f3 cxb3 28.Qxb3 Be6 
29.Qb4 Bc5 30.Qa5 b4 31.axb4 Bxb4 32.Qxe5 f6 33.Qa1 a5 34.e5 f5 35.Bg5 Qf7
36.Rfd1 Rec8 37.Rbc1 Rxc1 38.Qxc1 Rc8 39.Rd8+ Rxd8 40.Bxd8 Qd7 41.Bf6 a4 
42.h5 a3 43.Qb1 Bf8 44.g4 a2 45.Qb2 Qa7 46.Qa1 Qf2 47.gxf5 gxf5 48.Qc1 Qa7
49.Qg5+ Bg7 50.Bxg7 Qxg7 51.Qd8+ Qf8 52.Qa5 Qe8 53.Qa6 Qxh5+ 54.Kg1 Qh6 
55.Qa8+ Qf8 56.Qa6 Qc8 57.Kh2 0-1

[Event "Nationale 4"]
[Site "Tournefeuille"]
[Date "2007.12.16"]
[Round "3.5"]
[White "Marni-Sandid, Tarik"]
[Black "Aurejac, Pierre"]
[Result "1/2-1/2"]
[WhiteElo "1602"]
[BlackElo "1600"]
[ECO "D10a"]
[EventDate "2007.??.??"]
[PlyCount "87"]
[WhiteTeam "Tournefeuille"]
[BlackTeam "Albi"]
[TimeControl "240+2"]

{256MB, Fritz8.ctg, Fritz} 
1.e4 c6 2.d4 d5 3.c4 dxe4 4.Nc3 Nf6 5.h3 Bf5 6.Be3 h5 7.Qb3 Qc8 8.O-O-O e6
9.Nge2 Be7 10.g3 Nbd7 11.Bg2 a6 12.Nf4 e5 13.Nfe2 b5 14.c5 exd4 15.Bxd4 
Nxc5 16.Bxc5 Bxc5 17.g4 Be6 18.Qc2 hxg4 19.hxg4 Rxh1 20.Rxh1 Ke7 21.g5 Ng4
22.Nxe4 Bb6 23.Qc3 Qc7 24.Qxg7 Qe5 25.Qxe5 Nxe5 26.f4 Be3+ 27.Kc2 Ng6 28.
Rf1 Bg4 29.N4g3 Rd8 30.Rd1 Rxd1 31.Kxd1 Nxf4 32.Bxc6 Nxe2 33.Nxe2 Bxg5 34.
Bb7 a5 35.Ke1 Bxe2 36.Kxe2 Kd6 37.Kd3 Kc5 38.a3 f5 39.Bf3 Bc1 40.Kc2 Be3 
41.Kd3 f4 42.Ba8 Bd4 43.b4+ axb4 44.axb4+ 1/2-1/2

[Event "Nationale 4"]
[Site "Tournefeuille"]
[Date "2007.12.16"]
[Round "3.4"]
[White "Schegerin André"]
[Black "Pinault Maïlys"]
[Result "1/2-1/2"]
[WhiteElo "1830"]
[BlackElo "1720"]
[ECO "A03"]
[EventDate "2007.??.??"]
[PlyCount "60"]
[WhiteTeam "Albi"]
[BlackTeam "Tournefeuille"]
[TimeControl "240+2"]

{256MB, Fritz8.ctg, Fritz} 
1.f4 d5 2.Nf3 Nf6 3.d4 Bf5 4.e3 e6 5.c4 c6 6.b3 Ne4 7.Be2 Bb4+ 8.Bd2 Bxd2+
9.Nbxd2 Nc3 10.Qc1 Nxe2 11.Kxe2 Nd7 12.Qa3 Qf6 13.h3 Qg6 14.g4 Bd3+ 15.Kf2
Qf6 16.g5 Qe7 17.Qxe7+ Kxe7 18.Ne5 Nxe5 19.dxe5 dxc4 20.bxc4 Rhd8 21.Kf3 
Bc2 22.Rh2 Rd7 23.Rc1 Bg6 24.Nb3 Rad8 25.Nd4 c5 26.Nb5 Bh5+ 27.Ke4 Bg6+ 
28.Kf3 Bh5+ 29.Ke4 Bg6+ 30.Kf3 Bh5+ 1/2-1/2

[Event "Nationale 4"]
[Site "Tournefeuille"]
[Date "2007.12.16"]
[Round "3.3"]
[White "Tarayre, Pascal"]
[Black "Serres Olivier"]
[Result "1-0"]
[WhiteElo "1809"]
[BlackElo "1830"]
[ECO "B08b"]
[EventDate "2007.??.??"]
[PlyCount "71"]
[WhiteTeam "Tournefeuille"]
[BlackTeam "Albi"]
[TimeControl "240+2"]

{256MB, Fritz8.ctg, Fritz} 
1.e4 d6 2.d4 Nf6 3.Nc3 g6 4.Nf3 Bg7 5.h3 c6 6.a4 b6 7.Bc4 d5 8.Bd3 dxe4 9.
Nxe4 Nxe4 10.Bxe4 Bb7 11.Bf4 f5 12.Bd3 Bxd4 13.Nxd4 Qxd4 14.Be3 Qd6 15.O-O
Nd7 16.a5 f4 17.Bd4 e5 18.Re1 c5 19.Bc3 f3 20.axb6 axb6 21.Bb5 Qxd1 22.
Rxa8+ Bxa8 23.Rxd1 O-O 24.Rxd7 Re8 25.Ra7 Rd8 26.Bc4+ Kf8 27.Bxe5 Rd1+ 28.
Kh2 Bc6 29.Bg7+ Ke8 30.Bf7+ Kd8 31.gxf3 Bxf3 32.Bf6+ Kc8 33.Be5 Rd2 34.
Be6+ Kd8 35.Bf6+ Ke8 36.Rxh7 1-0

[Event "Nationale 4"]
[Site "Tournefeuille"]
[Date "2007.12.16"]
[Round "3.2"]
[White "Hoareau, Nicolas"]
[Black "Garrel, Pascal"]
[Result "1-0"]
[WhiteElo "2010"]
[BlackElo "1772"]
[ECO "A41a"]
[EventDate "2007.??.??"]
[PlyCount "115"]
[WhiteTeam "Albi"]
[BlackTeam "Tournefeuille"]
[TimeControl "240+2"]

{256MB, Fritz8.ctg, Fritz} 
1.d4 d6 2.e3 Nf6 3.Nf3 Nbd7 4.Nbd2 e5 5.Bd3 Be7 6.b3 c6 7.Bb2 Qc7 8.O-O 
O-O 9.c4 Re8 10.Qc2 exd4 11.exd4 Nf8 12.h3 d5 13.Ne5 Be6 14.f4 c5 15.f5 
Bd7 16.cxd5 Nxd5 17.Qc4 Bc6 18.Ne4 b5 19.Qc1 Nb4 20.Nxc5 Nxd3 21.Ncxd3 
Rac8 22.Nxc6 Qxc6 23.Qxc6 Rxc6 24.Rac1 Rec8 25.Rxc6 Rxc6 26.Rc1 Rxc1+ 27.
Bxc1 g6 28.g4 gxf5 29.gxf5 Kg7 30.Ne5 Bd6 31.Ng4 Nd7 32.Bh6+ Kg8 33.f6 Bc7
34.Kf2 Bd8 35.Bg5 h5 36.Nh6+ Kf8 37.Nf5 Bxf6 38.Be3 a6 39.Kf3 Nb6 40.Ke4 
Ke8 41.Bf2 Kd7 42.d5 Nc8 43.Bc5 Bc3 44.Ng3 Nd6+ 45.Kd3 h4 46.Bxd6 hxg3 47.
Bxg3 Ba5 48.Ke4 Ke7 49.Kf5 Kf8 50.h4 Bd8 51.h5 a5 52.Be5 a4 53.Bf6 Bc7 54.
h6 Kg8 55.Be7 Ba5 56.b4 Bb6 57.d6 Kh7 58.Bg5 1-0

[Event "Nationale 4"]
[Site "Tournefeuille"]
[Date "2007.12.16"]
[Round "3.1"]
[White "Jacquart Christian"]
[Black "Caron, Jean-Marie"]
[Result "1/2-1/2"]
[WhiteElo "1900"]
[BlackElo "1923"]
[ECO "A46g"]
[EventDate "2007.??.??"]
[PlyCount "107"]
[WhiteTeam "Tournefeuille"]
[BlackTeam "Albi"]
[TimeControl "240+2"]

{256MB, Fritz8.ctg, Fritz} 
1.d4 Nf6 2.Nf3 d6 3.Bf4 g6 4.e3 Bg7 5.Bd3 O-O 6.O-O Nc6 7.Nbd2 Re8 8.c3 e5
9.Bg5 h6 10.Bxf6 Qxf6 11.d5 Nd8 12.Qc2 Qe7 13.e4 h5 14.Kh1 Bh6 15.Ng1 f6 
16.c4 b6 17.b4 Nb7 18.Ne2 Bd7 19.Nb3 a5 20.a3 Ra7 21.Qc3 axb4 22.axb4 Rea8
23.Rxa7 Rxa7 24.Ra1 Rxa1+ 25.Qxa1 Qd8 26.Qa7 Bc8 27.c5 dxc5 28.bxc5 Nxc5 
29.Nxc5 bxc5 30.Qxc5 Qd6 31.Qxd6 cxd6 32.Kg1 Bd2 33.Kf1 Bd7 34.Ng1 g5 35.
Ke2 Bc3 36.h3 Kf7 37.f3 Bd4 38.Kf1 Bxg1 39.Kxg1 h4 40.Kf2 Ke8 41.Ke3 Kd8 
42.Kd2 Kc7 43.Kc3 Kb6 44.Kb4 Kc7 45.Ka5 Be8 46.Bb5 Bf7 47.Bc4 Bg6 48.Bd3 
Kd8 49.Kb6 Ke7 50.Ka6 Bh7 51.Kb6 Bg8 52.Bc4 Bh7 53.Bd3 Bg8 54.Bc4 1/2-1/2

[Event "Club Owl21"]
[Site "Owl21.com"]
[Date "2008.11.03"]
[Round "?"]
[White "fredo"]
[Black "pierroo82"]
[Result "1-0"]
[WhiteElo "1782"]
[BlackElo "1838"]
[ECO "A13a"]
[EventDate "2008.??.??"]
[Annotator ",Fred"]
[PlyCount "43"]
[TimeControl "900"]

1.c4 e6 2.d3 d5 3.cxd5 exd5 4.Nc3 c6 5.Nf3 h6 6.g3 Bd6 7.Bg2 Nf6 8.O-O O-O
9.e4 Bg4 10.Re1 Re8 11.Qb3 dxe4 12.dxe4 Qc7 13.Bd2 Nbd7 14.Rac1 Nc5 15.Qc2
Re7 16.b4 Na6 17.a3 Rae8 18.Nd4 
    ( 18.Be3 Nxe4 $2 19.Nxe4 Rxe4 20.Ng5 hxg5 21.Bxe4 $18 )
18...Be5 19.Nf5 Bxf5 20.exf5 Bd4 21.Ne4 Ng4 {System: Time control of this 
game is 15/0 FOD Victory: +19 ELO Draw: +2 ELO Loss: -16 ELO fredo: c 
complique cette position Buho21: Tournament KO21 was finished. Type /go 
KO21 to see final results. Winner is: basilef. Buho21: Next tournament 
KO21 will start at 00:00. For more info type: /tournaments pierroo82: ui 
pierroo82: tres pierroo82: c pr ca ke je reste a fond pierroo82: c une 
tres bel partie pierroo82: me jme sen un pe mieu dans latake pierroo82: 
apres peut etre ktu va mexploser pierroo82: me kan ca va peter ca va faire
mal pierroo82: reste a savoir de kel cote fredo: lol pierroo82: c une 
partie de 2000 ca !! pierroo82: fredo: au moins !! pierroo82: pa de 1700 
mdrrr pierroo82: ca c clair pierroo82: je croi kon a joue ke des bon cou 
System: pierroo82 has disconnected from the game System: 1-0 Disconnection
System: Your rating is1782 ---> 1801 System: pierroo82 has connected to 
game pierroo82: kel degout fredo: on peu analyser la pierroo82: ui 
pierroo82: tu a fritz ? fredo: oui fredo: j'ouvre pierroo82: car moi je 
rien :s pierroo82: a si je fritz pierroo82: 6.32 pierroo82: 5.32 Buho21: 
In 5 minutes a new tournament Fenix will start Buho21: In 5 minutes a new 
tournament Tetractis will start Buho21: In 5 minutes a new tournament 
Comepiezas will start Buho21: In 5 minutes a new tournament Blitz will 
start pierroo82: 22 eme cou pierroo82: fritz di e5 pierroo82: pour le blan
fredo: il n'y a pas de pion e5 la... pierroo82: maintenant pierroo82: la !
fredo: essaye de jouer fredo: un coup pierroo82: ok pierroo82: je restere 
sur mon ided moi fredo: je comprends pas, je vois rien qui peut aller sur 
e5 dans cette position pierroo82: on a jouer ke des cou de fritz fredo: 
enfin pas de pion en tout cas fredo: c vrai ?? pierroo82: tou nos cou sont
dans les 3 meilleur coups pierroo82: jte prome pierroo82: lol fredo: ptdr 
!!! pierroo82: fritz contr fritz pierroo82: looooooooooooool pierroo82: 
aten jfini fredo: oki pierroo82: mdrr pierroo82 : fritz di nul kan je deco
pierroo82: mdrrr pierroo82: aluscinant pierroo82: cet parti pierroo82: en 
souvenir pierroo82: c tre solide des deux cote pierroo82: ca ore ete bien 
ke romain la voi cel la fredo: ouaip c clair, la partie est tres equilibre
!! pierroo82: ^^ fredo: on est trop fort ^^^^ pierroo82: pierroo82: en 
reflechissant , dison ke ca va mieu fredo: pierroo82: contre le 2300 cete 
une parti du stile tu voi pierroo82: me la iave pas le choix mdrr fredo: 
superbe position... je garde la partie en tout cas pierroo82: ui} 22.Be3 {
System: Time control of this game is 15/0 FOD Victory: +19 ELO Draw: +2 
ELO Loss: -16 ELO fredo: c complique cette position Buho21: Tournament 
KO21 was finished. Type /go KO21 to see final results. Winner is: basilef.
Buho21: Next tournament KO21 will start at 00:00. For more info type: 
/tournaments pierroo82: ui pierroo82: tres pierroo82: c pr ca ke je reste 
a fond pierroo82: c une tres bel partie pierroo82: me jme sen un pe mieu 
dans latake pierroo82: apres peut etre ktu va mexploser pierroo82: me kan 
ca va peter ca va faire mal pierroo82: reste a savoir de kel cote fredo: 
lol pierroo82: c une partie de 2000 ca !! pierroo82: fredo: au moins !! 
pierroo82: pa de 1700 mdrrr pierroo82: ca c clair pierroo82: je croi kon a
joue ke des bon cou System: pierroo82 has disconnected from the game 
System: 1-0 Disconnection System: Your rating is1782 ---> 1801 System: 
pierroo82 has connected to game pierroo82: kel degout fredo: on peu 
analyser la pierroo82: ui pierroo82: tu a fritz ? fredo: oui fredo: 
j'ouvre pierroo82: car moi je rien :s pierroo82: a si je fritz pierroo82: 
6.32 pierroo82: 5.32 Buho21: In 5 minutes a new tournament Fenix will 
start Buho21: In 5 minutes a new tournament Tetractis will start Buho21: 
In 5 minutes a new tournament Comepiezas will start Buho21: In 5 minutes a
new tournament Blitz will start pierroo82: 22 eme cou pierroo82: fritz di 
e5 pierroo82: pour le blan fredo: il n'y a pas de pion e5 la... pierroo82:
maintenant pierroo82: la ! fredo: essaye de jouer fredo: un coup 
pierroo82: ok pierroo82: je restere sur mon ided moi fredo: je comprends 
pas, je vois rien qui peut aller sur e5 dans cette position pierroo82: on 
a jouer ke des cou de fritz fredo: enfin pas de pion en tout cas fredo: c 
vrai ?? pierroo82: tou nos cou sont dans les 3 meilleur coups pierroo82: 
jte prome pierroo82: lol fredo: ptdr !!! pierroo82: fritz contr fritz 
pierroo82: looooooooooooool pierroo82: aten jfini fredo: oki pierroo82: 
mdrr pierroo82: fritz di nul kan je deco pierroo82: mdrrr pierroo82: 
aluscinant pierroo82: cet parti pierroo82: en souvenir pierroo82: c tre 
solide des deux cote pierroo82: ca ore ete bien ke romain la voi cel la 
fredo: ouaip c clair, la partie est tres equilibre !! pierroo82: ^^ fredo:
on est trop fort ^^^^ pierroo82: pierroo82: en reflechissant , dison ke ca
va mieu fredo: pierroo82: contre le 2300 cete une parti du stile tu voi 
pierroo82: me la iave pas le choix mdrr fredo: superbe position... je 
garde la partie en tout cas pierroo82: ui} 
    ( 22.Bf3 Rxe4 23.Rxe4 Rxe4 24.Qxe4 Bxf2+ 25.Kg2 Nf6 26.Qf4 )
1-0